 Dungeon Crawl Stone Soup version 0.16.1-30-g34a7ffa (webtiles) character file.

52 ztt the Magician (level 3, -8/19 HPs)
             Began as a Deep Elf Wizard on June 22, 2015.
             Engulfed by a cloud of flame (27 damage)
             ... on level 2 of the Dungeon.
             The game lasted 00:04:32 (1641 turns).

ztt the Magician (Deep Elf Wizard)                  Turns: 1641, Time: 00:04:33

Health: -8/19      AC:  2    Str:  4    XL:     3   Next: 60%
Magic:  13/15      EV: 13    Int: 23    God:
Gold:   32         SH:  0    Dex: 13    Spells: 4 memorised, 7 levels left

rFire  . . .     SeeInvis .     f - +0 dagger (curse)
rCold  . . .     Clarity  .     a - +0 robe
rNeg   . . .     SustAb   .     (no shield)
rPois  .         Gourm    .     b - +0 hat
rElec  .         Spirit   .     (no cloak)
rCorr  .         Warding  .     (no gloves)
rMut   .         Stasis   .     (no boots)
MR     .....                    (no amulet)
Stlth  ++........               (no ring)
                                (no ring)

@: repel missiles, not resistant to hostile enchantments, unstealthy
A: no striking features
a: no special abilities


You were on level 2 of the Dungeon.
You were not hungry.

You visited 1 branch of the dungeon, and saw 2 of its levels.

You collected 32 gold pieces.

Inventory:

Hand weapons
 f - a cursed +0 dagger (weapon)
Missiles
 e - 15 poisoned needles
Armour
 a - a +0 robe (worn)
 b - a +0 hat (worn)
Scrolls
 d - a scroll of identify {unknown}
Potions
 g - a potion of flight {unknown}
 h - a potion of curing {unknown}
Books
 c - a book of Minor Magic

   Spells                             Type                      Level
   a - Magic Dart                     Conjuration                  1
   b - Blink                          Translocation                2
   c - Call Imp                       Summoning                    2
   d - Repel Missiles                 Charms/Air                   2
   e - Slow                           Hexes                        2
   f - Conjure Flame                  Conjuration/Fire             3
   g - Mephitic Cloud                 Conjuration/Poison/Air       3


   Skills:
 + Level 2.6 Dodging
 + Level 2.4 Stealth
 + Level 6.1 Spellcasting
 + Level 1.4 Conjurations
 + Level 1.1 Summonings
 + Level 1.1 Translocations
 + Level 0.2 Air Magic


You had 7 spell levels left.
You knew the following spells:

 Your Spells              Type           Power        Failure   Level  Hunger
a - Magic Dart            Conj           ##..         6%          1    None
b - Blink                 Tloc           N/A          10%         2    None
c - Repel Missiles        Chrm/Air       #.....       14%         2    None
d - Call Imp              Summ           ##......     10%         2    None


Dungeon Overview and Level Annotations

Branches:
Dungeon (2/15)

Altars:


Message History

Casting: Magic Dart
Confirm with . or Enter, or press ? or * to list all spells.
Aiming: Magic Dart
Press: ? - help, Shift-Dir - straight line, f - goblin
Aim: a goblin, wielding a dagger The magic dart hits the goblin.
The goblin is heavily wounded.
Unknown command.
Casting: Magic Dart
Confirm with . or Enter, or press ? or * to list all spells.
Aiming: Magic Dart
Press: ? - help, Shift-Dir - straight line, f/p - goblin
Aim: a goblin, wielding a dagger (heavily wounded)
The magic dart hits the goblin.
You kill the goblin!
Unknown command.
Really walk into a travel-excluded area?
You are engulfed in roaring flames.
Ouch! That really hurt!
You die...

.# ...
#################
...$.
#................
...###.###############
.).#.# #.#.# ##<..#
#...## #§§@# #§§§#
#### #§§§# #... #...#
#.## .[).. §..(..
§§..!.. ##...## # §§#
#


There were no monsters in sight!

Vanquished Creatures
  A worm (D:2)
  2 giant geckos (D:1)
  An ooze (D:1)
  2 giant cockroaches (D:1)
  5 hobgoblins (D:1)
  3 bats (D:1)
  5 giant newts (D:1)
  5 goblins
  8 kobolds (D:1)
  2 rats (D:1)
34 creatures vanquished.

Vanquished Creatures (collateral kills)
  A gnoll (D:1)
1 creature vanquished.

Vanquished Creatures (others)
  A crimson imp (D:1)
1 creature vanquished.

Grand Total: 36 creatures vanquished

Notes
Turn   | Place    | Note
--------------------------------------------------------------
     0 | D:1      | ztt, the Deep Elf Wizard, began the quest for the Orb.
     0 | D:1      | Reached XP level 1. HP: 10/10 MP: 6/6
   190 | D:1      | Reached skill level 5 in Spellcasting
   231 | D:1      | Reached XP level 2. HP: 15/15 MP: 9/11
   235 | D:1      | Learned a level 2 spell: Blink
   238 | D:1      | Learned a level 2 spell: Repel Missiles
   241 | D:1      | Learned a level 2 spell: Call Imp
   990 | D:1      | Reached XP level 3. HP: 19/19 MP: 11/14
  1167 | D:1      | Reached skill level 6 in Spellcasting
  1641 | D:2      | Engulfed by a cloud of flame

Action                   || total
-------------------------++-------
 Cast: Magic Dart        ||    89
       Call Imp          ||     2
       Repel Missiles    ||     1
  Eat: Bread ration      ||     1
